 Dungeon Crawl Stone Soup version 0.29.1-15-g9cfb28693d (webtiles) character file.

Game seed: 6312810507760266741

268 kingofthe the Sneak (level 6, -8/28 HPs)
             Began as a Spriggan Enchanter on Mar 19, 2023.
             Mangled by Edmund
             ... wielding a +6 dire flail of protection
              (16 damage)
             ... on level 4 of the Dungeon.
             The game lasted 00:12:41 (5648 turns).

kingofthe the Sneak (Spriggan Enchanter)            Turns: 5648, Time: 00:12:42

Health: -8/28      AC:  2    Str:  4    XL:     6   Next: 1%
Magic:  6/13       EV: 19    Int: 17    God:
Gold:   347        SH:  0    Dex: 17    Spells: 8/13 levels left

rFire   . . .      SeeInvis +   a - +1 dagger
rCold   . . .      Faith    .   (no shield)
rNeg    . . .      Spirit   .   b - +0 robe
rPois   .          Reflect  .   (helmet restricted)
rElec   .          Harm     .   (no cloak)
rCorr   .          Rampage  .   (gloves unavailable)
Will    +....                   (boots unavailable)
Stlth   ++++......              (no amulet)
HPRegen 0.09/turn               (no ring)
MPRegen 0.13/turn               (no ring)

@: very quick
A: very small, no large weapons, unfitting armour, see invisible, speed 3
a: no special abilities


You were on level 4 of the Dungeon.
You visited 1 branch of the dungeon, and saw 4 of its levels.

You collected 347 gold pieces.


Innate Abilities, Weirdness & Mutations

You are very small and have problems with some larger weapons.
You are too small for most types of armour.
You have supernaturally acute eyesight. (SInv)
You cover ground extremely quickly. (Speed+++)


   Skills:
 - Level 1.1 Short Blades
 + Level 4.5 Dodging
 + Level 6.9 Stealth
 + Level 4.3 Spellcasting
 + Level 5.0 Hexes


You had 8 spell levels left.
You knew the following spells:

 Your Spells              Type           Power      Damage    Failure   Level
a - Ensorcelled Hibernat  Hex/Ice        24%        N/A       9%          2
b - Confusing Touch       Hex            20%        N/A       6%          3

Your spell library contained the following spells:

 Spells                   Type           Power      Damage    Failure   Level
 Tukima's Dance           Hex            20%        N/A       6%          3
 Dazzling Flash           Conj/Hex       24%        N/A       16%         3

Inventory:

Hand Weapons
 a - a +1 dagger (weapon)
Missiles
 e - 10 poisoned darts (quivered)
Armour
 b - a +0 robe (worn)
Scrolls
 h - 6 scrolls of identify {@r1}
 i - a scroll of teleportation {@r2}
 j - 3 scrolls of amnesia {unknown}
 l - a scroll of enchant weapon {unknown}
 m - a scroll of magic mapping {unknown}
 o - 2 scrolls of enchant armour {unknown}
 q - a scroll of blinking {unknown}
 r - a scroll of noise {unknown}
 s - a scroll of poison {unknown}
Potions
 c - 2 potions of invisibility
 d - 2 potions of resistance {unknown}
 f - a potion of lignification {unknown}
 g - 3 potions of curing {@q1}
 k - 2 potions of might
 n - a potion of attraction {unknown}
 p - a potion of ambrosia {unknown}

Dungeon Overview and Level Annotations

Branches:
Dungeon (4/15)
 Temple: D:4-7

Altars:
Uskayaw
Xom

Shops:
D:1 :

Annotations:
D:2 Grinder
D:3 1 runed translucent door, OhDinosaurWizard's ghost, weakling DsGl
D:4 Edmund

#..........# #.....###'###..##..
#.....##'###....##....#..##...+..
#.....#...#......#....'..#....#..
#.....#...#......+....#..###'##..
#.....#..##..##..#....####.......
#.....#..##..##..#...............
#.....'..#.......###'#...........
#.....#..#......@....+...........
#...).#..##..###@##..#....#+#####
#.....#..##..##..##..#....#......
......#...#..........#....+......
......#...#..........#....#..##.#
......#...#......##..#....#..##.#
.######..##......##..#....'......
.#...##..##......#...#....#......
##...............#...#....#..##..
##...##..........#...#....#..##..


You could see Edmund.


Message History

Partly explored, can't reach some places.
Casting: Ensorcelled Hibernation (safe; 9% risk of failure)
Confirm with . or Enter, or press ? or * to list all spells.
The spell is quite dangerous to miscast (6% risk of failure)!
Continue anyway?
Your hands begin to glow red.
Really walk into a travel-excluded area?
Edmund shouts!
There is an open door here.
You hit Edmund but do no damage.
Edmund appears confused.
Edmund drinks a potion.
Edmund seems less confused.
You hit Edmund but do no damage.
Edmund hits you with a +6 dire flail of protection!
You barely miss Edmund. Edmund closely misses you.
Casting: Confusing Touch (quite dangerous; 6% risk of failure)
Confirm with . or Enter, or press ? or * to list all spells.
Aiming: Ensorcelled Hibernation (safe; 9% risk of failure)
Press: ? - help, Shift-Dir - straight line, f - Edmund
Aim: Edmund, wielding a +6 dire flail of protection, wearing a +0 chain mail and carrying a wand of polymorph (6) (chance to affect: 46%) Edmund resists with some effort.
Edmund hits you with a +6 dire flail of protection!
* * * LOW HITPOINT WARNING * * *
Casting: Ensorcelled Hibernation (safe; 9% risk of failure)
Confirm with . or Enter, or press ? or * to list all spells.
Aiming: Ensorcelled Hibernation (safe; 9% risk of failure)
Press: ? - help, Shift-Dir - straight line, f/p - Edmund
Aim: Edmund, wielding a +6 dire flail of protection, wearing a +0 chain mail and carrying a wand of polymorph (6) (chance to affect: 46%) Edmund resists with some effort.
Edmund hits you with a +6 dire flail of protection!
Ouch! That really hurt!
You die...

Skill      XL: |  1  2  3  4  5 |
---------------+----------------+-----
Dodging        | 3 4 |  4.5
Stealth        | 5 6 |  6.9
Spellcasting   | 3 4 |  4.3
Hexes          | 4 5 |  5.0
Short Blades   | |  1.1

Action                   |  1- 3 |  4- 6 || total
-------------------------+-------+-------++-------
Melee: Dagger            |   116 |    68 ||   184
       Punch             |     1 |       ||     1
 Cast: Ensorcelled Hiber |    25 |    34 ||    59
       Confusing Touch   |       |     3 ||     3
  Use: Scroll            |     2 |       ||     2
 Stab: Sleeping          |    25 |    20 ||    45
       Distracted        |     1 |       ||     1
       Confused          |       |     2 ||     2
Armor: Robe              |    15 |     8 ||    23
Dodge: Dodged            |    91 |    63 ||   154

Levels and vault maps discovered:
D:1:      lightli_molten_gateway, layout_loops_ring,
          shapermc_ecumenical_altar_starsandcircs, minmay_misc_feat_roman,
          nicolae_shop_vocational
D:2:      layout_rooms, uniq_robin
D:3:      layout_loops_ring, nicolae_uskayaw_suspiria,
          mainiacjoe_overflow_cross_hatched, hellmonk_ghost_happy_afterlife,
          dreamdust_wishing_well, uniq_grinder
D:4:      layout_gridville, serial_park_tiny_pond, uniq_edmund

Notes
Turn   | Place    | Note
-------+----------+-------------------------------------------
     0 | D:1      | kingofthe the Spriggan Enchanter began the quest for the
                  | Orb.
     0 | D:1      | Reached XP level 1. HP: 9/9 MP: 5/5
   182 | D:1      | Found a faded altar of an unknown god.
   441 | D:1      | Found Naaqe's Vocational Training.
  1001 | D:1      | Reached XP level 2. HP: 13/13 MP: 6/6
  1004 | D:1      | Learned a level 2 spell: Ensorcelled Hibernation
  1053 | D:1      | Reached skill level 3 in Dodging
  1059 | D:1      | Reached skill level 5 in Stealth
  1060 | D:1      | Reached skill level 3 in Spellcasting
  1832 | D:2      | Reached skill level 4 in Hexes
  1904 | D:2      | Reached XP level 3. HP: 16/16 MP: 1/8
  2077 | D:2      | Noticed Robin
  2307 | D:2      | Killed Robin
  2822 | D:3      | Noticed Grinder
  2822 | D:3      | Found a runed translucent door.
  2995 | D:3      | Noticed OhDinosaurWizard's ghost (weakling DsGl)
  3048 | D:3      | Reached skill level 6 in Stealth
  3048 | D:3      | Reached XP level 4. HP: 21/21 MP: 10/10
  3138 | D:3      | Found a shimmering altar of Xom.
  3376 | D:3      | Found a hide-covered altar of Uskayaw.
  3742 | D:3      | Learned a level 3 spell: Confusing Touch
  4233 | D:4      | Noticed Edmund
  4550 | D:4      | Noticed a necrophage
  4570 | D:4      | Killed a necrophage
  4571 | D:4      | Reached skill level 4 in Dodging
  4571 | D:4      | Reached skill level 4 in Spellcasting
  4571 | D:4      | Reached XP level 5. HP: 7/24 MP: 8/12
  5407 | D:4      | Reached skill level 5 in Hexes
  5407 | D:4      | Reached XP level 6. HP: 28/28 MP: 6/13
  5648 | D:4      | Mangled by Edmund

Vanquished Creatures
  A necrophage (D:4)
  A hound (D:4)
  A jelly (D:4)
  Robin (D:2)
  6 adders
  An ufetubus (D:4)
  A dart slug (D:4)
  An orc (D:4)
  4 bats
  8 endoplasms
  4 giant cockroaches
  7 goblins
  10 hobgoblins
  2 jackals (D:1)
  2 quokkas
  3 ball pythons
  4 frilled lizards
  8 kobolds
  5 rats
70 creatures vanquished.

Table legend: (Time is in decaauts)
 A = Elapsed time spent in this place.
 B = Non-inter-level travel time spent in this place.
 C = Inter-level travel time spent in this place.
 D = Time resting spent in this place.
 E = Time spent auto-exploring this place.
 F = Levels seen in this place.
 G = Mean time per level.
                   A        B        C        D        E       F      G
               +--------+--------+--------+--------+--------+-----+--------+
         Total |   4567 |   4483 |     84 |   1248 |   2575 |   4 | 1141.8 |
       Dungeon |   4567 |   4483 |     84 |   1248 |   2575 |   4 | 1141.8 |
               +--------+--------+--------+--------+--------+-----+--------+

Top non-repeatable levels by time:
     D:1: 1923 daAuts
     D:4: 1101 daAuts
     D:3: 990 daAuts
     D:2: 551 daAuts

Table legend:
 A = Non-vault XP
 B = Vault XP
 C = Vault XP percentage of total XP
 D = Non-vault monster count
 E = Vault monster count
 F = Vault count percentage of total count
                 A         B        C        D         E       F
            +---------+---------+-------+---------+---------+-------
      Total |     354 |      30 |   7.8 |      62 |       8 |  11.4
            +---------+---------+-------+---------+---------+-------
        D:1 |      37 |       0 |   0.0 |      22 |       0 |   0.0
        D:2 |      24 |      30 |  55.6 |       9 |       8 |  47.1
        D:3 |      33 |       0 |   0.0 |      12 |       0 |   0.0
        D:4 |     260 |       0 |   0.0 |      19 |       0 |   0.0
            +---------+---------+-------+---------+---------+-------
